Map: 바니 연구소

Players

INnoVation

  • Race: Terran Terran
  • League: Master
  • Spawn Location: 6:00

herO - Winner!

  • Race: Protoss Protoss
  • Spawn Location: 12:00

VOD

Have the link to the VOD?

Description

Time

  • Played on: Nov. 26, 2016, 5:07 a.m.
  • Length: 13:54
Show
View Real Time Build Order
Export as new Build Order

INnoVation Terran 

Build Orders: Reaper Expand, MMM Bio 

Get SALT Encoding   

  12  0:00  SCV  
  13  0:12  SCV  
  14  0:18  Supply Depot  
  14  0:24  SCV  
  15  0:30  Refinery  
  15  0:40  SCV  
  16  0:46  Barracks  
  16  0:52  SCV  
  17  1:04  SCV  
  18  1:16  SCV  
  19  1:32  Orbital Command  
  19  1:33  Reaper  
  20  1:45  Command Center  
  20  1:55  Factory  
  20  1:59  SCV  
  21  2:05  Refinery  
  21  2:07  Barracks Reactor  
  21  2:11  SCV  
  22  2:16  Supply Depot  
  22  2:23  SCV  
  23  2:37  SCV  
  23  2:39  Starport  
  23  2:42  Widow Mine  
  23  2:43  Marine x2  
  28  2:49  SCV  
  29  2:56  Orbital Command  
  29  3:01  SCV  
  29  3:04  Marine x2  
  32  3:10  Widow Mine  
  34  3:16  Medivac  
  34  3:17  SCV  
  37  3:22  Marine x2  
  37  3:24  SCV  
  39  3:28  Supply Depot  
  39  3:30  SCV  
  40  3:36  Barracks  
  40  3:38  SCV  
  40  3:40  Factory Tech Lab  
  41  3:43  SCV  
  41  3:47  Marine x2  
  44  3:51  SCV  
  44  3:55  Supply Depot, SCV  
  46  3:59  Siege Tank  
  49  4:04  SCV  
  49  4:06  Marine x2  
  49  4:07  SCV  
  53  4:11  Supply Depot  
  53  4:15  Engineering Bay  
  53  4:19  SCV x2  
  53  4:22  Barracks Tech Lab  
  55  4:26  Marine x2  
  55  4:31  Siege Tank  
  60  4:33  SCV  
  60  4:34  SCV  
  60  4:39  Supply Depot  
  60  4:42  Stimpack, Marine  
  59  4:46  SCV  
  59  4:47  SCV  
  61  4:53  Barracks, Terran Infantry Weapons Level 1  
  61  4:55  Refinery  
  61  4:59  Marine x2  
  63  5:00  Marine  
  63  5:01  SCV  
  63  5:02  SCV  
  63  5:07  Starport Reactor  
  66  5:10  Refinery  
  66  5:14  Supply Depot  
  66  5:15  Factory Reactor  
  66  5:16  Marine  
  66  5:17  Marine  
  66  5:18  Marauder  
  66  5:19  SCV x2  
  72  5:26  Supply Depot  
  72  5:31  SCV x2  
  72  5:34  Marine x2  
  75  5:40  Marauder  
  77  5:43  SCV  
  77  5:44  SCV  
  77  5:46  Combat Shields  
  77  5:47  Marauder  
  77  5:48  Supply Depot  
  81  5:51  Medivac x2, Widow Mine  
  81  5:52  Widow Mine  
  81  5:55  Marine x2  
  91  6:03  Missile Turret  
  90  6:06  Missile Turret  
  90  6:07  Liberator  
  81  6:13  Liberator  
  81  6:18  Marauder x2, Marine x2  
  78  6:20  Widow Mine x2, SCV x2  
  86  6:32  Supply Depot  
  89  6:36  Marine x2  
  95  6:40  Marauder x2  
  95  6:43  Concussive Shells  
  95  6:48  Widow Mine  
  95  6:49  Widow Mine  
  95  6:50  Supply Depot  
  59  6:54  Liberator  
  99  6:55  Command Center  
  99  6:57  Liberator  
  98  7:06  Marauder, Marine x2  
  98  7:07  Marauder  
  105  7:15  SCV x2  
  105  7:17  Supply Depot  
  106  7:24  Marine x2  
  106  7:26  Widow Mine x2  
  106  7:28  Marauder x2  
  116  7:35  Barracks, SCV x2  
  116  7:36  Barracks  
  118  7:47  SCV x2  
  118  7:49  Supply Depot  
  118  7:51  Marauder x2, Marine x2  
  117  8:00  Widow Mine x2  
  117  8:03  Liberator x2  
  105  8:09  Orbital Command  
  105  8:12  SCV x2  
  99  8:14  Marauder x2, Marine x2  
  100  8:29  SCV  
  100  8:30  SCV  
  98  8:35  Barracks Reactor, Barracks Tech Lab  
  98  8:36  Widow Mine x2, Marauder x2  
  98  8:38  Marine x2  
  100  8:49  SCV x3  
  100  8:50  Terran Infantry Armor Level 1  
  97  8:57  Marauder x3  
  97  8:58  Marine  
  72  9:19  Marauder x2  
  72  9:20  Marauder  
  78  9:26  Marine x2  
  71  9:32  Medivac  
  71  9:33  Medivac  
  71  9:36  Widow Mine  
  69  9:39  Marine  
  69  9:41  Marine  
  57  9:46  Marine x2  
  57  9:50  Marauder  
  56  9:54  Marine  
  54  10:00  SCV x2  
  54  10:04  Marine x2  
  54  10:07  Orbital Command  
  55  10:15  Marauder, Marine  
  55  10:19  SCV x2  
  55  10:33  SCV x3  
  57  10:45  Marauder, SCV x3  
  57  10:47  Marine  
  57  10:49  Marine  
  64  10:51  Marine  
  64  10:55  Marauder, Marine x2  
  69  10:58  SCV  
  69  10:59  SCV  
  69  11:00  SCV  
  72  11:05  Marine  
  72  11:07  Marauder, Marine  
  72  11:09  Medivac, Marine  
  79  11:13  SCV x2  
  79  11:14  SCV  
  82  11:25  Widow Mine, SCV x2  
  83  11:26  Widow Mine, SCV  
  87  11:37  SCV x2  
  87  11:38  SCV  
  92  11:40  Marauder x2, Marine x4  
  92  11:43  Refinery  
  100  11:49  SCV x2  
  100  11:50  SCV  
  100  11:53  Starport Reactor  
  101  11:54  Widow Mine x2  
  101  11:55  Marauder  
  107  12:01  Marauder, SCV x2  
  107  12:02  SCV  
  107  12:03  Marauder  
  107  12:07  Marine x2  
  107  12:08  Marine  
  114  12:13  Liberator, SCV  
  114  12:14  Liberator, SCV x2  
  117  12:21  Marauder  
  108  12:23  Marauder  
  108  12:24  Marine x2  
  108  12:25  Marine  
  96  12:34  SCV  
  96  12:35  SCV x2  
  101  12:38  Widow Mine  
  101  12:40  Widow Mine  
  98  12:50  Marauder x2  
  91  12:54  Marine x3  
  91  12:56  Marauder  
  91  12:58  SCV  
  65  13:15  Marauder x2, Marine  
Show
View Real Time Build Order
Export as new Build Order

herO Protoss - Winner!

Build Orders: 1 Gate Expand, Blink Stalkers 

Get SALT Encoding   

  12  0:00  Probe (Chrono Boost)  
  13  0:11  Probe (Chrono Boost)  
  14  0:17  Pylon  
  14  0:22  Probe (Chrono Boost)  
  16  0:35  Probe (Chrono Boost)  
  16  0:37  Gateway  
  16  0:44  Assimilator  
  16  0:46  Probe (Chrono Boost)  
  17  0:56  Probe (Chrono Boost)  
  18  1:07  Probe (Chrono Boost)  
  19  1:20  Nexus  
  19  1:31  Cybernetics Core  
  19  1:33  Probe (Chrono Boost)  
  19  1:39  Assimilator  
  20  1:44  Probe (Chrono Boost)  
  21  1:50  Pylon  
  21  1:54  Probe (Chrono Boost)  
  22  2:08  Mothership Core (Chrono Boost), Stalker  
  26  2:13  Warp Gate  
  26  2:27  Probe (Chrono Boost)  
  27  2:36  Probe (Chrono Boost)  
  28  2:37  Probe (Chrono Boost)  
  28  2:38  Stalker  
  28  2:41  Twilight Council  
  31  2:46  Probe (Chrono Boost)  
  31  2:48  Probe (Chrono Boost)  
  33  2:57  Probe (Chrono Boost)  
  35  2:58  Probe (Chrono Boost)  
  35  3:03  Blink  
  35  3:08  Probe (Chrono Boost)  
  35  3:09  Probe (Chrono Boost)  
  37  3:18  Probe (Chrono Boost)  
  39  3:20  Probe (Chrono Boost)  
  39  3:28  Robotics Facility  
  39  3:30  Probe (Chrono Boost)  
  39  3:33  Probe (Chrono Boost)  
  41  3:36  Gateway  
  41  3:37  Stalker  
  43  3:41  Pylon  
  43  3:44  Probe (Chrono Boost)  
  43  3:47  Probe (Chrono Boost)  
  45  3:49  Assimilator  
  45  3:56  Gateway  
  45  3:59  Probe x2 (Chrono Boost)  
  49  4:10  Probe (Chrono Boost)  
  49  4:11  Probe (Chrono Boost)  
  49  4:12  Forge  
  49  4:13  Observer  
  52  4:24  Probe (Chrono Boost)  
  52  4:25  Probe (Chrono Boost)  
  50  4:34  Stalker  
  50  4:35  Protoss Ground Weapons Level 1  
  50  4:36  Probe (Chrono Boost)  
  50  4:37  Probe (Chrono Boost)  
  54  4:45  Pylon  
  54  4:49  Nexus  
  54  4:51  Pylon  
  54  4:55  Pylon  
  54  5:02  Observer  
  54  5:05  Probe x2 (Chrono Boost)  
  57  5:08  Assimilator  
  57  5:14  Sentry x2  
  57  5:17  Probe x2 (Chrono Boost)  
  57  5:18  Immortal, Pylon  
  62  5:21  Stalker  
  68  5:33  Pylon  
  68  5:35  Probe x2 (Chrono Boost)  
  70  5:47  Stalker x3  
  77  5:51  Probe x2 (Chrono Boost)  
  77  5:52  Immortal  
  77  5:53  Pylon  
  70  6:18  Protoss Ground Armor Level 1  
  70  6:21  Nexus  
  70  6:22  Resonating Glaives  
  70  6:23  Gateway  
  70  6:25  Gateway  
  70  6:26  Gateway  
  70  6:28  Pylon, Gateway  
  70  6:31  Probe x2 (Chrono Boost)  
  72  6:34  Immortal  
  76  6:43  Sentry x2  
  82  6:47  Probe x2 (Chrono Boost)  
  82  6:52  Gateway  
  82  6:55  Stalker  
  82  7:00  Probe x2 (Chrono Boost)  
  86  7:08  Warp Prism  
  86  7:10  Stalker x2  
  92  7:19  Adept  
  94  7:23  Pylon  
  94  7:24  Pylon  
  94  7:38  Adept x3  
  94  7:39  Stalker, Sentry  
  94  7:40  Sentry  
  94  7:43  Stalker  
  108  7:44  Observer  
  108  7:49  Stalker  
  77  8:15  Stalker x5  
  77  8:16  Stalker x3  
  79  8:39  Adept x8  
  95  9:00  Adept x8  
  87  9:23  Stalker x5  
  97  9:25  Stalker  
  91  9:32  Stalker  
  91  9:38  Observer  
  71  9:51  Stalker  
  71  9:52  Stalker x2  
  61  10:03  Immortal  
  61  10:05  Probe x3 (Chrono Boost)  
  67  10:18  Probe x3 (Chrono Boost)  
  64  10:35  Sentry  
  64  10:37  Immortal  
  64  10:41  Probe x3 (Chrono Boost)  
  73  10:43  Adept x3  
  73  10:45  Adept  
  73  10:47  Zealot x3  
  87  11:01  Stalker  
  89  11:04  Stalker  
  89  11:05  Stalker x2  
  89  11:09  Adept x2  
  95  11:27  Warp Prism  
  91  11:35  Adept x6  
  103  11:43  Adept x2  
  107  12:00  Adept x3, Stalker x2  
  107  12:01  Sentry  
  119  12:07  Adept  
  121  12:10  Adept  
  93  12:34  Adept x7  
  93  12:53  Adept x3  
  93  12:54  Adept x3  
  93  12:56  Adept  
  101  13:02  Adept  
  97  13:18  Stalker x4  
  103  13:31  Robotics Bay  
  103  13:45  Stalker x5  
Tags
 
Add a new tag
Caveats
  • Supply blocks, unpowered buildings, or Contaminate may cause inaccurate times.
  • Supply counts are checked every 10 seconds.